 Dungeon Crawl Stone Soup version 0.23.2-1-ga50397a6bc (webtiles) character file.

Game seed: 2298249698597928107

320 Kobolds4U the Skirmisher (level 6, 0/60 HPs)
             Began as a Minotaur Fighter on Apr 25, 2019.
             Was an Initiate of Ashenzari.
             Killed from afar by an orc wizard (11 damage)
             ... with a magic dart
             ... on level 4 of the Dungeon.
             The game lasted 00:04:01 (2311 turns).

Kobolds4U the Skirmisher (Minotaur Fighter)         Turns: 2311, Time: 00:04:01

Health: 0/60       AC:  9    Str: 24    XL:     6   Next: 22%
Magic:  5/5        EV:  5    Int:  5    God:    Ashenzari [......]
Gold:   124        SH:  9    Dex: 11    Spells: 5/5 levels left

rFire    . . .     SeeInvis +   a - +0 war axe
rCold    . . .     Gourm    .   c - +0 shield
rNeg     . . .     Faith    .   n - +0 chain mail
rPois    .         Spirit   .   t - +0 hat
rElec    .         Reflect  .   (no cloak)
rCorr    .         Harm     .   (no gloves)
MR       .....                  (no boots)
Stlth    ..........             (no amulet)
HPRegen  0.20/turn              j - +3 ring of strength
MPRegen  0.09/turn              k - ring of see invisible

@: lightly drained
A: retaliatory headbutt, horns 2
a: Curse Item, Renounce Religion


You were on level 4 of the Dungeon.
You worshipped Ashenzari.
Ashenzari was noncommittal.
You were near starving.

You visited 1 branch of the dungeon, and saw 4 of its levels.

You collected 124 gold pieces.

Inventory:

Hand Weapons
 a - a +0 war axe (weapon)
Armour
 c - a +0 shield (worn)
 n - a +0 chain mail (worn)
 t - a +0 hat (worn)
Jewellery
 j - a +3 ring of strength (left hand)
 k - a ring of see invisible (right hand)
 u - an uncursed ring of flight
 w - an uncursed ring of positive energy
Wands
 y - a wand of flame (13)
Scrolls
 b - a scroll of remove curse
 e - 2 scrolls of fear {unknown}
 g - a scroll of enchant weapon {unknown}
 h - 2 scrolls of blinking {unknown}
 i - 2 scrolls of teleportation {unknown}
 l - a scroll of noise {unknown}
 m - a scroll of magic mapping {unknown}
 o - a scroll of fog {unknown}
 r - 2 scrolls of identify {unknown}
 v - a scroll of enchant armour {unknown}
Potions
 d - 3 potions of might
 p - a potion of agility {unknown}
 q - a potion of magic {unknown}
 s - 2 potions of flight {unknown}
 x - a potion of mutation {unknown}
 z - a potion of lignification {unknown}
Comestibles
 f - 7 rations


   Skills:
 * Level 7.2 Fighting
 + Level 4.9 Axes
 - Level 3.6 Armour
 - Level 3.6 Shields


You had 5 spell levels left.
You didn't know any spells.
Your spell library contained the following spells:

 Spells                   Type           Power        Failure   Level  Hunger
 Corona                   Hex            #......      100%        1    ##.....
 Ensorcelled Hibernation  Hex/Ice        #.....       100%        2    ###....
 Confuse                  Hex            #.......     100%        3    ####...
 Dazzling Spray           Conj/Hex       #.....       100%        3    ####...
 Tukima's Dance           Hex            #.......     100%        3    ####...


Dungeon Overview and Level Annotations

Branches:
Dungeon (4/15)
 Temple: D:4-7

Altars:
Ashenzari
Cheibriados
Kikubaaqudgha
Wu Jian
The Shining One

Annotations:
D:3 1 runed translucent door, Amplified's ghost, amateur MiGl


Innate Abilities, Weirdness & Mutations

You reflexively headbutt those who attack you in melee.
You have a pair of horns on your head.


Message History

The orc wizard blinks!
You block the orc priest's attack.
You closely miss the orc priest.
The orc priest is almost dead.
The orc priest begins to cast a cantrip, but forgets the words!
Your chain mail prevents you from hitting the orc priest.
Your headbutt misses the orc priest.
The orc priest is almost dead.
The orc priest invokes the aid of Beogh against you.
Pain shoots through your body!
* * * LOW HITPOINT WARNING * * *
The orc wizard mumbles some strange words.
The orc wizard blinks!
You closely miss the orc priest.
The orc priest is almost dead.
The orc priest hits you but does no damage.
You closely miss the orc priest. You headbutt the orc priest.
You kill the orc priest!
The orc wizard gestures at you while chanting.
The magic dart hits you!
You die...

#.._..######.#
###.#......#.#
#...####.#.#
##### #.#.#
#.#.# #.#.#
#.#.#####
#.....o.#
###.###@# #.#
#.# #[# #)#
#.# ...
#.##.### #.##.
#.##. #.##. ##


You could see an orc wizard.

Vanquished Creatures
  An ogre (D:4)
  An orc priest (D:4)
  2 orc wizards
  Ijyb (D:3)
  A worker ant (D:4)
  2 adders
  A worm (D:2)
  A dart slug (D:1)
  A leopard gecko (D:1)
  9 orcs
  A ball python (D:1)
  2 giant cockroaches
  10 hobgoblins
  A quokka (D:2)
  6 bats
  4 frilled lizards
  7 goblins
  10 kobolds
  2 quokka skeletons (D:4)
  11 rats
74 creatures vanquished.

Notes
Turn   | Place    | Note
-------+----------+-------------------------------------------
     0 | D:1      | Kobolds4U the Minotaur Fighter began the quest for the Orb.
     0 | D:1      | Reached XP level 1. HP: 19/19 MP: 0/0
    82 | D:1      | Found a glowing golden altar of the Shining One.
   171 | D:1      | Reached skill level 4 in Fighting
   179 | D:1      | Reached XP level 2. HP: 27/27 MP: 1/1
   689 | D:2      | Found a faded altar of an unknown god.
   749 | D:2      | Reached XP level 3. HP: 34/34 MP: 2/2
   912 | D:2      | Found a shattered altar of Ashenzari.
   927 | D:2      | Became a worshipper of Ashenzari the Shackled
   948 | D:2      | Found a snail-covered altar of Cheibriados.
   968 | D:2      | Reached skill level 5 in Fighting
  1097 | D:2      | Found an ancient bone altar of Kikubaaqudgha.
  1321 | D:3      | Reached XP level 4. HP: 42/42 MP: 3/3
  1436 | D:3      | Noticed Ijyb
  1447 | D:3      | Killed Ijyb
  1476 | D:3      | Found an ornate altar of the Wu Jian Council.
  1599 | D:3      | Found a runed translucent door.
  1601 | D:3      | Noticed Amplified's ghost (amateur MiGl)
  1700 | D:3      | Reached skill level 6 in Fighting
  1700 | D:3      | Reached XP level 5. HP: 45/50 MP: 4/4
  2064 | D:4      | Noticed an ogre
  2072 | D:4      | Killed an ogre
  2220 | D:4      | Found a shattered altar of Ashenzari.
  2293 | D:4      | Reached skill level 7 in Fighting
  2298 | D:4      | Reached XP level 6. HP: 34/60 MP: 5/5
  2311 | D:4      | Killed from afar by an orc wizard

Skill      XL: |  1  2  3  4  5 |
---------------+----------------+-----
Fighting       | 4 5 6 7 |  7.2
Axes           | 3 4 |  4.9
Armour         | |  3.6
Shields        | |  3.6

Action                   |  1- 3 |  4- 6 || total
-------------------------+-------+-------++-------
Melee: War axe           |    88 |    85 ||   173
       Headbutt          |    13 |    16 ||    29
  Eat: Chunk             |     1 |     2 ||     3
Armor: Scale mail        |    22 |       ||    22
       Chain mail        |    24 |    34 ||    58
Dodge: Dodged            |    25 |    13 ||    38
Block: Shield            |    47 |    33 ||    80
